 Dungeon Crawl Stone Soup version 0.28-a0-802-g09f76e8c00 (webtiles) character file.

Game seed: 16574721146010493598

244191 spiderkeys the Spry (level 19, -24/168 HPs)
             Began as a Deep Elf Abyssal Knight on Nov 7, 2021.
             Was the Champion of Lugonu.
             Annihilated by a golden dragon simulacrum (53 damage)
             ... in an ice cave.
             The game lasted 02:39:37 (49267 turns).

spiderkeys the Spry (Deep Elf Abyssal Knight)      Turns: 49267, Time: 02:39:38

Health: -24/168    AC: 16    Str: 24    XL:     19   Next: 14%
Magic:  0/37       EV: 25    Int: 27    God:    Lugonu [******]
Gold:   3644       SH:  5    Dex: 15    Spells: 3/42 levels left

rFire   + + .      SeeInvis +   (weapon currently unavailable)
rCold   . . .      Faith    .   (shield currently unavailable)
rNeg    . . .      Spirit   .   (armour currently unavailable)
rPois   +          Reflect  +   (helmet currently unavailable)
rElec   .          Harm     .   (cloak currently unavailable)
rCorr   .          Rampage  .   (gloves currently unavailable)
Will    +....                   (boots currently unavailable)
Stlth   ++++......              M - amulet "Wonwuipn" {Reflect rPois rC+ SH+5}
HPRegen 0.38/turn               O - ring of the Hare {EV+8}
MPRegen 0.25/turn               N - ring of the Screaming Coward {rPois Str+4 Int+3}

@: dragon-form, flying, slightly contaminated, studying 2 skills
A: dragon claw, dragon scales, breathe fire, flying, boosted hp, giant, see
invisible
}: 1/15 runes: gossamer
a: Breathe Fire, End Transformation, Renounce Religion, Depart the Abyss, Bend
Space, Banish, Corrupt, Enter the Abyss, Brand Weapon With Distortion


You were in an ice cave.
You worshipped Lugonu.
Lugonu was exalted by your worship.
You were a fearsome dragon!
You visited 6 branches of the dungeon, and saw 32 of its levels.
You visited the Abyss 1 time.
You also visited: Gauntlet and Ice Cave.

You collected 5690 gold pieces.
You spent 2046 gold pieces at shops.


Innate Abilities, Weirdness & Mutations

You are a fearsome dragon!
You have a powerful clawing attack.
Your giant scaled body is strong and resiliant, but less evasive.
You can breathe fire.
You are flying.
Your maximum health is greatly increased.
Your armour is entirely melded.
You are incapable of wielding weapons or throwing items.
You have supernaturally acute eyesight. (SInv)


   Skills:
 - Level 10.0 Fighting
 - Level 1.3(1.4) Polearms
 - Level 0.5(1.3) Staves
 - Level 0.7 Armour
 + Level 19.9 Dodging
 - Level 8.1 Stealth
 * Level 12.0 Shields
 - Level 12.0 Spellcasting
 - Level 14.0 Conjurations
 - Level 12.7 Hexes
 + Level 13.9 Transmutations
 * Level 13.1 Fire Magic
 - Level 8.0 Poison Magic
 - Level 8.5 Invocations


You had 3 spell levels left.
You knew the following spells:

 Your Spells              Type           Power      Damage    Failure   Level
d - Dazzling Flash        Conj/Hex       100%       N/A       1%          3
e - Ensorcelled Hibernat  Hex/Ice        100%       N/A       1%          2
f - Fulminant Prism       Conj/Hex       36%        3d18      1%          4
g - Dragon Form           Tmut           37%        N/A       10%         7
m - Mephitic Cloud        Conj/Pois/Air  54%        N/A       1%          3
o - Olgreb's Toxic Radia  Pois           56%        N/A       1%          4
p - Poisonous Vapours     Pois/Air       74%        N/A       1%          2
r - Irradiate             Conj/Tmut      37%        3d25      1%          5
X - Flame Wave            Conj/Fire      74%        3d13      1%          4
Y - Scorch                Fire           100%       2d10      1%          2
Z - Ignite Poison         Fire/Tmut/Pois 68%        N/A       1%          3

Your spell library contained the following spells:

 Spells                   Type           Power      Damage    Failure   Level
 Foxfire                  Conj/Fire      100%       2x1d9     0%          1
 Magic Dart               Conj           100%       1d8       0%          1
 Searing Ray              Conj           100%       2d8       0%          2
 Shock                    Conj/Air       100%       1d9       1%          1
 Sting                    Tmut/Pois      100%       1d8       1%          1
 Static Discharge         Conj/Air       52%        N/A       1%          2
 Conjure Flame            Conj/Fire      74%        6-21      1%          3
 Inner Flame              Hex/Fire       72%        N/A       1%          3
 Spider Form              Tmut/Pois      66%        N/A       1%          3
 Stone Arrow              Conj/Erth      100%       3d13      1%          3
 Animate Skeleton         Necr           32%        N/A       3%          1
 Pain                     Necr           64%        1d7       3%          1
 Call Imp                 Summ           16%        N/A       5%          2
 Corpse Rot               Necr/Air       32%        N/A       5%          2
 Sublimation of Blood     Necr           16%        N/A       5%          2
 Frozen Ramparts          Ice            32%        1d5       11%         3
 Ozocubu's Armour         Ice            16%        N/A       11%         3
 Swiftness                Air            16%        N/A       11%         3
 Vampiric Draining        Necr           16%        2d7       11%         3
 Cause Fear               Hex            35%        N/A       1%          4
 Hailstorm                Conj/Ice       52%        3d12      1%          4
 Ice Form                 Ice/Tmut       52%        N/A       1%          4
 Petrify                  Tmut/Erth      52%        N/A       1%          4
 Sticky Flame             Conj/Fire      74%        2d9       1%          4
 Blade Hands              Tmut           37%        N/A       1%          5
 Fireball                 Conj/Fire      37%        3d15      1%          5
 Starburst                Conj/Fire      37%        6d11      1%          6
 Lightning Bolt           Conj/Air       26%        1d42      5%          5
 Eringya's Noxious Bog    Tmut/Pois      33%        N/A       6%          6
 Metabolic Englaciation   Hex/Ice        25%        N/A       7%          5
 Silence                  Hex/Air        25%        N/A       7%          5
 Summon Mana Viper        Hex/Summ       50%        N/A       7%          5
 Freezing Cloud           Conj/Ice/Air   20%        6-21      14%         5
 Conjure Ball Lightning   Conj/Air       26%        3x3d7     30%         6
 Airstrike                Air            8%         N/A       34%         4
 Animate Armour           Summ/Erth      32%        N/A       34%         4
 Animate Dead             Necr           8%         N/A       34%         4
 Dispel Undead            Necr           16%        3d10      34%         4
 Summon Ice Beast         Ice/Summ       16%        N/A       34%         4
 Agony                    Necr           16%        N/A       67%         5
 Borgnjor's Vile Clutch   Necr/Erth      8%         N/A       67%         5
 Summon Forest            Summ/Tloc      8%         N/A       67%         5
 Ignition                 Fire           36%        3d11      71%         8
 Discord                  Hex            35%        N/A       77%         8
 Death Channel            Necr           8%         N/A       99%         6
 Dispersal                Tloc           8%         N/A       99%         6
 Simulacrum               Ice/Necr       8%         N/A       99%         6
 Summon Cactus Giant      Summ           8%         N/A       99%         6
 Summon Hydra             Summ           8%         N/A       100%        7
 Lehudib's Crystal Spear  Conj/Erth      26%        10d7      100%        8
 Dragon's Call            Summ           8%         N/A       100%        9

Inventory:

Hand Weapons
 p - the +10 dagger of Deformation (melded) {vorpal, Will+ Int+3}
   (You found it on level 9 of the Dungeon)

   It inflicts extra damage upon your enemies.
   Int:       It affects your intelligence (+3).
   Will:      It increases your willpower.
 A - the +6 arbalest "Damnation" {damnation}
   (You found it on level 13 of the Dungeon)

   Any ammunition fired from it explodes in a burst of damnation on striking a
   foe, dealing damage which bypasses armour.
Missiles
 U - 3 curare-tipped darts {=f}
Armour
 n - a +2 pair of gloves (melded)
   (You found it on level 13 of the Dungeon)
 D - a +0 robe of resistance
   (You took it off an orc sorcerer on level 2 of the Orcish Mines)
 G - the +5 robe of Night (melded) {Dark Will+ SInv}
   (You took it off a deep elf zephyrmancer on level 3 of the Elven Halls)

   It shrouds the wearer in darkness, reducing the range at which they can see
   and be seen by others.
   SInv:      It lets you see invisible.
   Will:      It increases your willpower.
 Q - a +2 cloak of preservation (melded)
   (You acquired it on level 9 of the Dungeon)
 S - the +5 kite shield of Nasabbyu {rElec Str-5 Int+8}
   (You found it on level 6 of the Lair of Beasts)

   Str:       It affects your strength (-5).
   Int:       It affects your intelligence (+8).
   rElec:     It insulates you from electricity.
 W - the +2 pair of boots of Vehumet's Approval (melded) {rC+ MP+9}
   (You acquired it on level 14 of the Dungeon)

   rC:        It protects you from cold.
   MP:        It affects your magic capacity (+9).
 Y - a +2 helmet of intelligence (melded)
   (You found it in a Gauntlet)
 Z - a +0 buckler (melded)
   (You bought it in a shop on level 2 of the Dungeon)
Magical Staves
 w - a staff of fire {!a}
   (You found it on level 4 of the Dungeon)
 I - a staff of air {!a}
   (You found it on level 3 of the Elven Halls)
Jewellery
 g - an amulet of regeneration
   (You found it on level 7 of the Dungeon)
 u - the amulet of Jaizybif {RegenMP rN+}
   (You took it off a deep elf blademaster on level 3 of the Elven Halls)

   [amulet of magic regeneration]

   It increases your rate of magic regeneration.
   rN:        It protects you from negative energy.
 F - a ring of protection from fire
   (You bought it in a shop on level 2 of the Dungeon)
 L - a ring of flight
   (You found it on level 2 of the Spider Nest)
 M - the amulet "Wonwuipn" (around neck) {Reflect rPois rC+ SH+5}
   (You took it off a deep elf zephyrmancer on level 3 of the Elven Halls)

   [amulet of reflection]

   It reflects blocked missile attacks.
   rC:        It protects you from cold.
   rPois:     It protects you from poison.
   SH:        It affects your SH (+5).
 N - the ring of the Screaming Coward (right foreclaw) {rPois Str+4 Int+3}
   (You acquired it on level 9 of the Dungeon)

   [ring of poison resistance]

   Str:       It affects your strength (+4).
   Int:       It affects your intelligence (+3).
   rPois:     It protects you from poison.
 O - the ring of the Hare (left foreclaw) {EV+8}
   (You took it off a deep elf sorcerer on level 3 of the Elven Halls)

   [ring of evasion]

   EV:        It affects your evasion (+8).
Wands
 c - a wand of digging (5)
   (You found it on level 1 of the Lair of Beasts)
 h - a wand of paralysis (40)
   (You found it on level 7 of the Dungeon)
 k - a wand of acid (2)
   (You found it on level 6 of the Lair of Beasts)
 m - a wand of iceblast (6)
   (You found it on level 2 of the Dungeon)
 C - a wand of mindburst (24)
   (You found it on level 12 of the Dungeon)
 E - a wand of polymorph (20)
   (You took it off a centaur on level 12 of the Dungeon)
 R - a wand of flame (100)
   (You found it on level 9 of the Dungeon)
Scrolls
 a - 3 scrolls of magic mapping {!r}
 f - a scroll of holy word
 l - a scroll of brand weapon
 r - 9 scrolls of enchant weapon
 s - 9 scrolls of fog
 v - 6 scrolls of teleportation {@r4}
 x - 2 scrolls of vulnerability {!r!r}
 y - 2 scrolls of immolation {!r!r}
 V - 2 scrolls of blinking {!r}
 X - 3 scrolls of fear
Potions
 e - 6 potions of attraction {!q}
 i - 3 potions of might
 j - a potion of haste {@q3}
 o - 4 potions of resistance
 q - 6 potions of lignification {!q}
 t - 7 potions of flight
 z - 3 potions of brilliance
 B - a potion of heal wounds {@q2}
 H - 6 potions of ambrosia
 J - 2 potions of magic
 P - 14 potions of curing {@q1}
 T - 2 potions of cancellation
Miscellaneous
 b - a phial of floods
   (You found it on level 4 of the Spider Nest)
 d - a condenser vane
   (You found it in a Gauntlet)
 K - a phantom mirror
   (You found it on level 2 of the Lair of Beasts)

Dungeon Overview and Level Annotations

Branches:
Dungeon (15/15)            Temple (0/1) D:6            Lair (6/6) D:9
 Shoals (2/4) Lair:4       Spider (4/4) Lair:2        Slime (0/5) Lair:5
    Orc (2/2) D:9             Elf (3/3) Orc:2        Vaults (0/5) D:13
 Depths (0/4) D:15          IceCv (1/1)             Gauntlet (visited)

Altars:
Dithmenos
Okawaru
Ru
Sif Muna
Wu Jian

Shops:
D:2 *[   D:3 ?   D:7 !   D:9 *   D:10 =   D:14 ?   Orc:2 (!**

Annotations:
D:14 1 runed translucent door
Elf:2 3 runed translucent doors

#..........###.#........
##..........#.........#
#...............##§####
##............###.§§#
#..........####..§#####
#.#....#.### ###Z○§.§.
####..#### ###§..§Z.§
##..# ###....##○§§
##..## #...DZ## .##
#..## #....#.......
#...## #....###.....
##...## #..... #....
##...# ##.... ..#.
##...# ##...# # #...##
##### ##...## ##.....##


You could see a lindwurm simulacrum (wandering), a golden dragon simulacrum and
an ettin simulacrum.


Message History

You lost 4 mp, and now have 18/37 mp.
A wave of flame ripples out!
The flame wave engulfs the freezing wraith!!
The freezing wraith is burned terribly!
You destroy the freezing wraith!
Lugonu accepts your kill.
The flame wave engulfs the spriggan defender simulacrum!!
The spriggan defender simulacrum melts!
Lugonu accepts your kill.
You hear a sizzling sound! 😮 MP[-1]
You lost 1 mp, and now have 17/37 mp.
The Ice Fiend claws you!
* * * LOW HITPOINT WARNING * * *
The Ice Fiend freezes you!!
* * * LOW HITPOINT WARNING * * *
The Ice Fiend claws you but does no damage. 😨 HP[-35] MP[+1]
You take 35 damage, and now have 60/168 hp.
MASSIVE DAMAGE!! (PAUSE)
You hit the Ice Fiend but do no damage.
Your tail-slap misses the Ice Fiend.
The Ice Fiend misses you.
The Ice Fiend claws you but does no damage.
You hit the Ice Fiend.
You bite the Ice Fiend, but do no damage.
The Ice Fiend barely misses you. The Ice Fiend closely misses you.
You hit the Ice Fiend.
You tail-slap the Ice Fiend, but do no damage.
Your bite misses the Ice Fiend.
The Ice Fiend calls on the powers of darkness!
Your body is wracked with pain!
* * * LOW HITPOINT WARNING * * *
A freezing wraith comes into view. 😱 HP[-28]
You take 28 damage, and now have 32/168 hp.
Unknown command.
You feel much better.
The Ice Fiend calls on the powers of darkness!
Your body is wracked with pain!
* * * LOW HITPOINT WARNING * * *
😱 HP[-6] MP[+1]
You take 6 damage, and now have 26/168 hp.
Unknown command.
Press: ? - help, Shift-Dir - straight line, f - Ice Fiend
Aim: an Ice Fiend (lightly wounded, infinite will)
Okay, then.
You feel much better. The Ice Fiend gestures at you.
The bolt of cold misses you.
The freezing wraith completely misses you.
The freezing wraith misses you. 😨 HP[+30]
You regained 30 hp, and now have 56/168 hp.
Okay, then.
Casting: Flame Wave (safe; 1% risk of failure)
Confirm with . or Enter, or press ? or * to list all spells.
You erupt in a fountain of uncontrolled magic!
The freezing wraith is blasted with magical radiation!!!
The Ice Fiend is blasted with magical radiation!!!
The Ice Fiend twists and deforms.
You are very lightly contaminated with residual magic.
The Ice Fiend calls on the powers of darkness!
Your body is wracked with pain!
* * * LOW HITPOINT WARNING * * *
A golden dragon simulacrum comes into view.
The freezing wraith misses you. x2 😱 HP[-26] MP[-5]
You take 26 damage, and now have 30/168 hp.
You lost 5 mp, and now have 14/37 mp.
Casting: Irradiate (mildly dangerous; 1% risk of failure)
Confirm with . or Enter, or press ? or * to list all spells.
You erupt in a fountain of uncontrolled magic!
The freezing wraith is blasted with magical radiation!!!
You destroy the freezing wraith!
Lugonu accepts your kill.
The Ice Fiend is blasted with magical radiation!!!
The Ice Fiend twists and deforms.
The Ice Fiend barely misses you. The Ice Fiend completely misses you.
An ettin simulacrum comes into view. 😱 MP[-5]
You lost 5 mp, and now have 9/37 mp.
Casting: Irradiate (mildly dangerous; 1% risk of failure)
Confirm with . or Enter, or press ? or * to list all spells.
You erupt in a fountain of uncontrolled magic!
The Ice Fiend is blasted with magical radiation!!
You kill the Ice Fiend!
Lugonu accepts your kill. 😱 HP[+1] MP[-4]
You lost 4 mp, and now have 5/37 mp.
Casting: Irradiate (mildly dangerous; 1% risk of failure)
Confirm with . or Enter, or press ? or * to list all spells.
You erupt in a fountain of uncontrolled magic!
The golden dragon simulacrum is blasted with magical radiation!!!
You are lightly contaminated with residual magic.
A lindwurm simulacrum comes into view.
The golden dragon simulacrum misses you.
The golden dragon simulacrum claws you.
* * * LOW HITPOINT WARNING * * *
The golden dragon simulacrum freezes you!!!
You die...

Skill      XL: |  1  2  3  4  5  6  7  8  9 10 11 12 13 14 15 16 17 18 19 |
---------------+----------------------------------------------------------+-----
Spellcasting   | 1 2 3 5 7 8 9 11 12 | 12.0
Dodging        | 3 4 5 6 8 9 11 13 15 16 17 18 19 | 19.9
Poison Magic   | 1 2 4 5 7 8 |  8.0
Invocations    | 3 4 6 7 8 |  8.5
Fighting       | 3 4 5 6 7 8 9 10 | 10.0
Conjurations   | 3 5 10 12 14 | 14.0
Fire Magic     | 5 8 10 12 13 | 13.1
Stealth        | 2 7 8 |  8.1
Hexes          | 2 7 9 11 12 | 12.7
Transmutations | 6 10 11 13 | 13.9
Shields        | 4 7 10 11 12 | 12.0
Polearms       | |  1.3
Staves         | |  0.5
Armour         | |  0.7

Action                   |  1- 3 |  4- 6 |  7- 9 | 10-12 | 13-15 | 16-18 | 19-21 || total
-------------------------+-------+-------+-------+-------+-------+-------+-------++-------
Melee: Spear             |   126 |    84 |       |       |       |       |       ||   210
       Trident           |       |    47 |    11 |       |       |       |       ||    58
       Whip              |       |       |   343 |   139 |       |       |       ||   482
       Dagger            |       |       |       |   281 |   316 |   445 |    15 ||  1057
       Unarmed           |       |       |       |       |       |       |     4 ||     4
       Tailslap          |       |       |       |       |       |       |     1 ||     1
       Bite              |       |       |       |       |       |       |     1 ||     1
 Cast: Sting             |     5 |    18 |     1 |     3 |       |       |       ||    27
       Poisonous Vapours |       |     6 |    19 |    53 |   180 |   132 |     6 ||   396
       Olgreb's Toxic Ra |       |       |    12 |    61 |    77 |   107 |     1 ||   258
       Shock             |       |       |       |     9 |    10 |       |       ||    19
       Fulminant Prism   |       |       |       |    42 |   108 |     7 |       ||   157
       Searing Ray       |       |       |       |    32 |    46 |       |       ||    78
       Scorch            |       |       |       |    22 |    16 |       |     6 ||    44
       Flame Wave        |       |       |       |     2 |    32 |     7 |     8 ||    49
       Ensorcelled Hiber |       |       |       |       |     7 |       |       ||     7
       Irradiate         |       |       |       |       |    63 |    94 |    12 ||   169
       Dazzling Flash    |       |       |       |       |     1 |     1 |       ||     2
       Ignite Poison     |       |       |       |       |    16 |   164 |     5 ||   185
       Dragon Form       |       |       |       |       |       |       |     1 ||     1
Invok: Depart the Abyss  |     1 |       |       |       |       |       |       ||     1
       Bend Space        |       |       |     1 |     5 |    19 |     5 |       ||    30
       Banish            |       |       |       |     1 |     9 |       |       ||    10
Evoke: Wand              |       |     4 |    15 |     8 |    18 |     8 |       ||    53
       Phantom mirror    |       |       |       |       |     1 |     1 |       ||     2
       Condenser vane    |       |       |       |       |       |     1 |       ||     1
  Use: Potion            |     1 |     2 |     3 |     2 |    10 |    13 |     2 ||    33
       Scroll            |       |     6 |       |    10 |    17 |     8 |     1 ||    42
 Stab: Sleeping          |     1 |     2 |     2 |       |     3 |     7 |     1 ||    16
       Distracted        |       |     1 |       |       |       |     1 |       ||     2
       Paralysed         |       |     2 |    15 |       |       |       |       ||    17
       Confused          |       |     1 |       |       |       |       |       ||     1
Armor: Leather armour    |    17 |     1 |       |   146 |       |       |       ||   164
       Robe              |       |    28 |    89 |    49 |   176 |   286 |     4 ||   632
       Animal skin       |       |       |    27 |    49 |       |       |       ||    76
       Skin              |       |       |       |       |       |       |     4 ||     4
Dodge: Dodged            |    60 |    78 |   300 |   524 |   595 |   869 |    51 ||  2477
Block: Buckler           |       |       |       |       |     3 |   257 |    14 ||   274
       Other             |       |       |       |       |       |       |     2 ||     2

Levels and vault maps discovered:
D:1:      scummos_arrival_star, layout_basic, minivault_11
D:2:      layout_loops_cross, serial_shops, shop, nicolae_square_shop
D:3:      layout_loops_cross, serial_shops, nicolae_shop_waterfront
D:4:      kennysheep_six_static_rooms, layout_gridville, st_stairs_9
D:5:      layout_gridville, minivault_23, hangedman_decor_riveting, uniq_pikel
D:6:      layout_basic, minmay_temple_entry_antechambers, uniq_duvessa
D:7:      layout_rooms, nicolae_dithmenos_the_darkroom, serial_shops, shop
D:8:      layout_gridville, uniq_grum
D:9:      layout_stronghold, mainiacjoe_overflow_divided_tiny,
          erik_lair_orcish_takeover, orc_david_3, serial_shops,
          nicolae_shop_temple_entry_statues_fountains
D:10:     layout_roguey, kennysheep_orc_sif_temple, serial_shops,
          nicolae_stop_n_shop_1, serial_park_tiny_2
D:11:     layout_cave_pods, ploomutoo_gammafunk_ghost_potion_laboratory
D:12:     layout_cave_pools, nicolae_two_hexagons, mrwooster_statue_mirror,
          uniq_kirke
D:13:     giant_chief_lemuel, layout_rooms, david_vaults_4,
          chequers_serial_rivers_marsh, nicolae_ru_the_path_less_chosen,
          uniq_sonja
D:14:     layout_basic, serial_shops, kennysheep_mini, minmay_hidden_floor,
          uniq_nessos
D:15:     hangedman_depths_entry_try_elsewhere_first, layout_irregular_city,
          nzn_wu_jian_contemplation
Lair:1:   layout_long_grid
Lair:2:   layout_regular_city, spider_nest_entry_webs, gammafunk_lair_bear_cave
Lair:3:   layout_cave_shapes, mumra_transporter_accident
Lair:4:   layout_misc_corridors, elwin_shoals_entry_rooms, minmay_hedge_maze,
          grunt_megastairs_3, serial_bayou_shore_b, uniq_urug
Lair:5:   layout_regular_city, nicolae_slime_entry_slimehenge,
          gammafunk_ghost_hive, beast_lair_carwin_9, infiniplex_staircase_pool_2
Lair:6:   minmay_lair_end_frog_pond, layout_regular_city,
          ebering_ghost_rock_garden, gauntlet_entry_generic, st_stairs_9,
          chequers_serial_rivers_small_b, disabler_island
Shoals:1: layout_shoals, nzn_prometheus_bound, uniq_donald
Shoals:2: layout_shoals, portal_ice_cave_entry_pillars_2, uniq_roxanne
Spider:1: layout_spider_delve, drop_trap, uniq_louise, uniq_josephine
Spider:2: layout_spider_delve
Spider:3: layout_spider_delve
Spider:4: grunt_spider_rune_island, uniq_arachne
Orc:1:    layout_caves
Orc:2:    st_orc_elflike, layout_diamond_mine, maelrawn_ghost_gauntlet_escape
Elf:1:    layout_loops_cross, minmay_elf_demonology
Elf:2:    nicolae_elf_blades_crystal_corner, layout_loops_corners
Elf:3:    minmay_elf_hall_circle, layout_geoelf_octagon, special_room
          [special_room_orc]
IceCv:    ice_cave_small_demon

Notes
Turn   | Place    | Note
-------+----------+-------------------------------------------
     0 | Abyss:1  | spiderkeys the Deep Elf Abyssal Knight began the quest for
                  | the Orb.
     0 | Abyss:1  | Reached XP level 1. HP: 13/13 MP: 4/4
     0 | Abyss:1  | magus.rc [v1.9.10]
    52 | Abyss:2  | You add the spells Sting, Poisonous Vapours and Olgreb's
                  | Toxic Radiance to your library.
   106 | Abyss:3  | Noticed an Executioner
   107 | D:1      | You pass through the gate.
   107 | D:1      | Escaped the Abyss
   459 | D:1      | HP: 3/13 [hobgoblin (4)]
   460 | D:1      | HP: 1/13 [hobgoblin (2)]
   462 | D:1      | Reached XP level 2. HP: 2/18 MP: 5/5
   750 | D:1      | Reached * piety under Lugonu
   756 | D:1      | Learned a level 1 spell: Sting
   838 | D:1      | Reached skill level 1 in Spellcasting
  1752 | D:1      | Reached XP level 3. HP: 22/22 MP: 5/7
  1811 | D:1      | Learned a level 2 spell: Poisonous Vapours
  1984 | D:2      | HP: 5/22 [poisoned by an adder]
  1985 | D:2      | Reached skill level 3 in Dodging
  2221 | D:2      | Reached skill level 1 in Poison Magic
  2355 | D:2      | Found Qougoas's Assorted Antiques.
  2365 | D:2      | Reached skill level 2 in Spellcasting
  2365 | D:2      | Reached XP level 4. HP: 27/27 MP: 7/9
  2596 | D:2      | Bought a scroll labelled LERUYSHR FENYBB for 19 gold pieces
  2596 | D:2      | Bought a scroll labelled TEMNOY ECUREUTT for 19 gold pieces
  2596 | D:2      | Bought a scroll labelled TIOTOPHIDOH for 19 gold pieces
  2791 | D:2      | Found Ideeg's Antique Armour Shop.
  2980 | D:3      | Found Ufycusos's Magic Scroll Boutique.
  3037 | D:3      | You pick up a book of Air and begin reading...
  3037 | D:3      | You add the spells Shock, Swiftness and Airstrike to your
                  | library.
  3044 | D:3      | Reached ** piety under Lugonu
  3633 | D:3      | Reached skill level 3 in Invocations
  3771 | D:4      | HP: 1/27 [something (8)]
  3781 | D:3      | Reached skill level 3 in Fighting
  4085 | D:4      | Reached XP level 5. HP: 28/32 MP: 6/10
  4429 | D:4      | Reached skill level 2 in Poison Magic
  4505 | D:4      | Reached skill level 3 in Spellcasting
  4506 | D:4      | Reached skill level 4 in Dodging
  4506 | D:4      | Reached XP level 6. HP: 37/37 MP: 12/12
  4536 | D:4      | Learned a level 4 spell: Olgreb's Toxic Radiance
  4578 | D:5      | Entered Level 5 of the Dungeon
  5012 | D:5      | Noticed Pikel
  5221 | D:5      | Killed Pikel
  5222 | D:5      | Reached skill level 5 in Dodging
  5222 | D:5      | Reached skill level 4 in Poison Magic
  5222 | D:5      | Reached skill level 4 in Invocations
  5222 | D:5      | Reached XP level 7. HP: 23/42 MP: 5/13
  5234 | D:5      | Reached skill level 4 in Fighting
  5487 | D:5      | Reached skill level 5 in Poison Magic
  5683 | D:5      | Reached XP level 8. HP: 41/48 MP: 7/14
  6084 | D:6      | Found a staircase to the Ecumenical Temple.
  6084 | D:6      | Noticed Dowan
  6206 | D:5      | Reached skill level 5 in Invocations
  6974 | D:6      | Noticed Duvessa
  6984 | D:6      | Killed Duvessa
  6985 | D:6      | Reached skill level 6 in Poison Magic
  6988 | D:6      | Killed Dowan
  6989 | D:6      | Reached skill level 6 in Dodging
  7074 | D:6      | Reached *** piety under Lugonu
  7440 | D:6      | Reached skill level 7 in Poison Magic
  7910 | D:6      | HP: 8/48 [vampire/vampiric draining (16)]
  8232 | D:7      | Reached skill level 6 in Invocations
  8267 | D:7      | Reached skill level 5 in Fighting
  8267 | D:7      | Reached XP level 9. HP: 41/54 MP: 11/15
  8424 | D:7      | Found a shadowy altar of Dithmenos.
  8854 | D:7      | Reached skill level 7 in Dodging
  9003 | D:7      | Reached skill level 8 in Poison Magic
  9064 | D:7      | Found Juxkos's Distillery.
  9076 | D:7      | Bought a potion of heal wounds for 80 gold pieces
  9078 | D:7      | Learned a level 1 spell: Shock
  9242 | D:8      | Noticed Grum
  9251 | D:7      | Reached skill level 1 in Conjurations
  9460 | D:8      | Killed Grum
  9461 | D:8      | Reached skill level 4 in Spellcasting
  9868 | D:8      | Reached skill level 2 in Conjurations
 10005 | D:8      | Reached skill level 7 in Invocations
 10193 | D:8      | Paralysed by a hornet for 1 turns
 10196 | D:8      | Paralysed by a hornet for 3 turns
 10208 | D:8      | Reached skill level 8 in Dodging
 10208 | D:8      | Reached skill level 5 in Spellcasting
 10558 | D:8      | Reached skill level 3 in Conjurations
 10723 | D:9      | Reached XP level 10. HP: 60/60 MP: 7/19
 10727 | D:9      | Reached skill level 6 in Fighting
 11082 | D:9      | Found a staircase to the Orcish Mines.
 11088 | D:9      | Reached **** piety under Lugonu
 11161 | D:9      | Found a staircase to the Lair.
 11170 | D:9      | Reached skill level 6 in Spellcasting
 11194 | D:9      | Reached skill level 4 in Conjurations
 11428 | D:9      | Reached skill level 8 in Invocations
 11503 | D:9      | Reached skill level 9 in Dodging
 11701 | D:9      | Found an iron altar of Okawaru.
 11701 | D:9      | Found an ornate altar of the Wu Jian Council.
 11733 | D:9      | Found Xuaceuta's Assorted Antiques.
 11750 | D:9      | Noticed a two-headed ogre
 11788 | D:9      | Banished a two-headed ogre
 11789 | D:9      | Reached skill level 7 in Spellcasting
 11789 | D:9      | Reached skill level 5 in Conjurations
 11844 | D:9      | Identified the +2 leather armour "Ofyomih" {rN+}
 11871 | D:9      | Bought 2 scrolls labelled AWKYCUKAHA for 56 gold pieces
 11871 | D:9      | Bought 3 scrolls labelled EKKA TAFIASH for 84 gold pieces
 11871 | D:9      | Bought a scroll labelled CIYSTUT KUUSH for 28 gold pieces
 11874 | D:9      | Identified 3 scrolls of acquirement
 11874 | D:9      | Acquired a +2 cloak of preservation
 11881 | D:9      | Acquired 913 gold pieces
 11883 | D:9      | Acquired the ring of the Screaming Coward {rPois Str+4
                  | Int+3}
 12100 | D:2      | Bought a blackened moonstone ring for 95 gold pieces
 12100 | D:2      | Bought a scratched brass ring for 95 gold pieces
 12100 | D:2      | Bought a smoky yellow potion for 17 gold pieces
 12494 | D:9      | Identified the +10 dagger of Deformation {vorpal, Will+
                  | Int+3}
 12587 | D:9      | You pick up a book of Conjurations and begin reading...
 12587 | D:9      | You add the spells Magic Dart, Searing Ray and Fulminant
                  | Prism to your library.
 12591 | D:9      | Learned a level 2 spell: Searing Ray
 12596 | D:9      | Learned a level 4 spell: Fulminant Prism
 12888 | D:10     | Entered Level 10 of the Dungeon
 12888 | D:10     | Found Weyg's Jewellery Boutique.
 13167 | D:10     | Noticed a two-headed ogre
 13178 | D:10     | Killed a two-headed ogre
 13179 | D:10     | Reached XP level 11. HP: 58/66 MP: 12/24
 13313 | D:10     | Reached skill level 6 in Conjurations
 13630 | D:10     | Found a shimmering blue altar of Sif Muna.
 13859 | D:11     | Reached skill level 8 in Spellcasting
 14018 | D:11     | Reached skill level 10 in Dodging
 14018 | D:11     | Reached skill level 7 in Conjurations
 14143 | D:11     | Noticed a boulder beetle
 14155 | D:11     | Killed a boulder beetle
 14155 | D:11     | Reached ***** piety under Lugonu
 14603 | D:11     | Reached skill level 8 in Conjurations
 14623 | D:11     | You pick up a book of Hexes and begin reading...
 14623 | D:11     | You add the spells Inner Flame, Cause Fear and Discord to
                  | your library.
 14896 | D:11     | Noticed a two-headed ogre
 14908 | D:11     | Killed a two-headed ogre
 15105 | D:11     | Found a runed translucent gate.
 15106 | D:11     | Found a runed translucent gate.
 15107 | D:11     | Noticed a white ugly thing
 15108 | D:11     | Found a runed translucent gate.
 15110 | D:11     | Noticed a brown ugly thing
 15110 | D:11     | Noticed a brown ugly thing
 15331 | D:12     | Noticed Kirke
 15336 | D:12     | Reached skill level 9 in Conjurations
 15344 | D:11     | Reached skill level 11 in Dodging
 15714 | D:12     | Reached skill level 10 in Conjurations
 15836 | D:11     | Killed Kirke
 16049 | D:11     | Found a runed translucent gate.
 16049 | D:11     | Found a runed translucent gate.
 16054 | D:11     | Noticed Gelion's ghost (journeyman OgBe)
 16055 | D:11     | Found a runed translucent gate.
 16105 | D:12     | Reached XP level 12. HP: 58/71 MP: 14/26
 16111 | D:12     | Noticed a centaur warrior
 16414 | D:12     | Killed a centaur warrior
 16415 | D:12     | Reached skill level 11 in Conjurations
 16458 | D:12     | HP: 16/71 [slime creature (12)]
 16499 | D:12     | Reached skill level 12 in Dodging
 16499 | D:12     | Noticed a two-headed ogre
 16510 | D:12     | Killed a two-headed ogre
 16756 | D:12     | You pick up a book of Flames and begin reading...
 16756 | D:12     | You add the spells Foxfire, Conjure Flame and Flame Wave to
                  | your library.
 16762 | D:12     | Learned a level 4 spell: Flame Wave
 16832 | D:12     | Noticed a two-headed ogre
 16840 | D:12     | Killed a two-headed ogre
 16841 | D:12     | Reached skill level 1 in Fire Magic
 16945 | D:12     | Identified the +1 robe "Ugidus" {Int+3}
 17192 | Lair:1   | Entered Level 1 of the Lair of Beasts
 17357 | Lair:1   | You pick up a book of Necromancy and begin reading...
 17357 | Lair:1   | You add the spells Pain, Animate Skeleton and Vampiric
                  | Draining to your library.
 17403 | Lair:1   | You pick up a book of Scorching and begin reading...
 17403 | Lair:1   | You add the spells Scorch and Summon Cactus Giant to your
                  | library.
 17407 | Lair:1   | Learned a level 2 spell: Scorch
 17470 | Lair:1   | HP: 14/71 [poisoned by a cane toad]
 17472 | Lair:1   | HP: 2/71 [cane toad (8)]
 17477 | Lair:1   | Reached skill level 2 in Fire Magic
 17957 | Lair:1   | Reached skill level 3 in Fire Magic
 18332 | Lair:2   | Reached skill level 12 in Conjurations
 18348 | Lair:2   | You add the spells Summon Forest, Eringya's Noxious Bog and
                  | Summon Hydra to your library.
 18422 | Lair:2   | Reached skill level 4 in Fire Magic
 18578 | Lair:2   | Reached skill level 13 in Dodging
 18958 | Lair:2   | Found a hole to the Spider Nest.
 18981 | Lair:2   | Reached skill level 5 in Fire Magic
 19253 | Lair:2   | You pick up a book of the Wilderness and begin reading...
 19501 | Lair:2   | You pick up a book of the Senses and begin reading...
 19501 | Lair:2   | You add the spells Dazzling Flash, Agony and Silence to
                  | your library.
 19510 | Lair:2   | Learned a level 3 spell: Dazzling Flash
 20000 | Lair:3   | Noticed a seven-headed hydra
 20071 | Lair:2   | Reached XP level 13. HP: 57/76 MP: 4/27
 20215 | Lair:3   | Reached skill level 6 in Fire Magic
 20215 | Lair:3   | HP: 15/76 [seven-headed hydra (6)]
 20237 | Lair:3   | Reached skill level 13 in Conjurations
 20553 | Lair:3   | Reached skill level 14 in Dodging
 21303 | Lair:3   | Reached skill level 7 in Fire Magic
 21813 | Lair:4   | Noticed Urug
 21821 | Lair:4   | Killed Urug
 22223 | Lair:4   | Reached skill level 8 in Fire Magic
 22454 | Lair:4   | Found a staircase to the Shoals.
 22867 | Lair:4   | Reached skill level 14 in Conjurations
 23039 | Lair:5   | You pick up a book of Dreams and begin reading...
 23039 | Lair:5   | You add the spells Ensorcelled Hibernation and Spider Form
                  | to your library.
 23054 | Lair:5   | Reached skill level 15 in Dodging
 23056 | Lair:5   | Reached skill level 1 in Stealth
 23056 | Lair:5   | Reached skill level 1 in Hexes
 23292 | Lair:4   | Reached skill level 2 in Stealth
 23292 | Lair:4   | Reached skill level 2 in Hexes
 23381 | Lair:5   | Reached skill level 7 in Fighting
 23665 | Lair:5   | Learned a level 2 spell: Ensorcelled Hibernation
 23778 | Lair:5   | Found a transporter.
 23781 | Lair:5   | Found a transporter.
 23781 | Lair:5   | Noticed Kyvig's ghost (journeyman VSTm)
 23865 | Lair:5   | Reached XP level 14. HP: 67/82 MP: 12/28
 24047 | Lair:4   | Reached skill level 3 in Stealth
 24047 | Lair:4   | Reached skill level 3 in Hexes
 24202 | Lair:5   | Found a staircase to the Slime Pits.
 24624 | Lair:6   | Entered Level 6 of the Lair of Beasts
 24751 | Lair:6   | Reached skill level 9 in Spellcasting
 24825 | Lair:6   | Found a runed translucent gate.
 24825 | Lair:6   | Found a runed translucent gate.
 24825 | Lair:6   | Found a runed translucent gate.
 24830 | Lair:6   | Noticed Ucuahorph's ghost (journeyman DsCj)
 24842 | Lair:6   | Found a gate leading to a gauntlet.
 24849 | Gauntlet | Entered a Gauntlet
 24849 | Gauntlet | Found a transporter.
 24905 | Gauntlet | Found a transporter.
 24909 | Gauntlet | Found a transporter.
 24917 | Gauntlet | Found a transporter.
 24921 | Gauntlet | Found a transporter.
 24929 | Gauntlet | Found a transporter.
 24933 | Gauntlet | Found a transporter.
 24938 | Gauntlet | Found a transporter.
 24948 | Gauntlet | Found a transporter.
 24948 | Gauntlet | Found a transporter.
 24953 | Gauntlet | Found a transporter.
 24953 | Gauntlet | Found a runed translucent door.
 24953 | Gauntlet | Noticed a quicksilver ooze
 24957 | Gauntlet | Found a runed translucent gate.
 24957 | Gauntlet | Found a transporter.
 24958 | Gauntlet | Found a runed translucent gate.
 24959 | Gauntlet | Found a runed translucent gate.
 25003 | Gauntlet | Found a transporter.
 25016 | Gauntlet | Found a transporter.
 25137 | Gauntlet | Reached skill level 4 in Stealth
 25211 | Gauntlet | Reached skill level 4 in Hexes
 25380 | Gauntlet | Identified the +7 scythe of Famine {vorpal, Str+4}
 25438 | Gauntlet | HP: 19/82 [minotaur (8)]
 25495 | Gauntlet | You pick up a book of Transfigurations and begin reading...
 25495 | Gauntlet | You add the spells Irradiate, Blade Hands and Dragon Form
                  | to your library.
 25538 | Gauntlet | Learned a level 5 spell: Irradiate
 25555 | Lair:6   | HP: 13/82 [lindwurm/blast of flame (26)]
 25565 | Lair:6   | Reached skill level 1 in Transmutations
 25593 | Lair:6   | Reached skill level 2 in Transmutations
 25605 | Lair:6   | You pick up a book of Unlife and begin reading...
 25605 | Lair:6   | You add the spells Animate Dead, Borgnjor's Vile Clutch and
                  | Death Channel to your library.
 25926 | Orc:1    | Entered Level 1 of the Orcish Mines
 25945 | Orc:1    | Reached skill level 5 in Stealth
 26323 | Orc:1    | Reached skill level 5 in Hexes
 26323 | Orc:1    | HP: 14/79 [two-headed ogre (9)]
 26343 | Orc:1    | Reached skill level 3 in Transmutations
 26664 | Orc:2    | Entered Level 2 of the Orcish Mines
 27474 | Orc:2    | Reached skill level 4 in Transmutations
 27661 | Orc:2    | Noticed Hypnoxylon's ghost (journeyman TrTm)
 27667 | Orc:2    | Found a staircase to the Elven Halls.
 27681 | Orc:2    | Found a runed translucent gate.
 27681 | Orc:2    | Found a runed translucent gate.
 27681 | Orc:2    | Found a runed translucent gate.
 27827 | Orc:2    | Reached skill level 6 in Stealth
 27827 | Orc:2    | Reached skill level 6 in Hexes
 28150 | Orc:2    | Reached skill level 5 in Transmutations
 28285 | Orc:2    | Reached ****** piety under Lugonu
 28286 | Orc:2    | Reached skill level 8 in Fighting
 28433 | Orc:2    | Found Varis's Distillery.
 28438 | Orc:2    | Found Kigein's Assorted Antiques.
 28563 | Orc:2    | Found Otutt's Assorted Antiques.
 28565 | Orc:2    | Found Kaothuemp's Antique Weapon Emporium.
 28571 | Orc:2    | Bought a fizzy puce potion for 28 gold pieces
 28625 | Orc:2    | Reached skill level 16 in Dodging
 28804 | Orc:2    | Bought a fizzy puce potion for 29 gold pieces
 28804 | Orc:2    | Bought a pair of embroidered boots for 247 gold pieces
 28901 | Orc:2    | HP: 15/84 [Hypnoxylon's ghost (20)]
 28902 | Orc:2    | Killed Hypnoxylon's ghost
 29391 | Lair:6   | Reached skill level 6 in Transmutations
 29476 | Lair:6   | Reached skill level 7 in Hexes
 29477 | Lair:6   | Reached skill level 7 in Stealth
 29897 | Lair:6   | Reached XP level 15. HP: 69/88 MP: 19/30
 29970 | Lair:6   | Reached skill level 7 in Transmutations
 30242 | Lair:6   | Reached skill level 8 in Stealth
 30473 | Lair:6   | Reached skill level 8 in Hexes
 30677 | Lair:6   | Reached skill level 8 in Transmutations
 30683 | Lair:6   | Identified the +5 kite shield of Nasabbyu {rElec Str-5
                  | Int+8}
 31217 | Lair:6   | Killed Ucuahorph's ghost
 31318 | Lair:5   | Killed Kyvig's ghost
 31319 | Lair:5   | Reached skill level 1 in Shields
 32035 | D:11     | Killed Gelion's ghost
 32386 | D:2      | Bought a buckler for 85 gold pieces
 32700 | D:13     | Found a sacrificial altar of Ru.
 32946 | D:13     | Reached skill level 2 in Shields
 33463 | D:13     | Reached skill level 9 in Transmutations
 33616 | D:13     | Noticed Sonja
 33625 | D:13     | Killed Sonja
 33713 | D:13     | Reached skill level 3 in Shields
 33720 | D:13     | Reached skill level 9 in Hexes
 33725 | D:13     | Reached skill level 9 in Fighting
 34883 | D:13     | Found a gate to the Vaults.
 35120 | D:13     | Reached skill level 4 in Shields
 35163 | D:13     | Reached skill level 17 in Dodging
 35282 | D:13     | Noticed a frost giant
 35282 | D:13     | a frost giant comes into view. It is wielding the +8 Wrath
                  | of Trog {antimagic, *Rage Rampage}.
 35284 | D:13     | Here: a frost giant, wielding the +8 Wrath of Trog
                  | {antimagic, *Rage Rampage}
 35331 | D:13     | Aim: a frost giant, wielding the +8 Wrath of Trog
                  | {antimagic, *Rage Rampage} (moderately wounded, ally
                  | target)
 35331 | D:13     | Aim: a frost giant, wielding the +8 Wrath of Trog
                  | {antimagic, *Rage Rampage} (moderately wounded, ally
                  | target)
 35332 | D:13     | Aim: a frost giant, wielding the +8 Wrath of Trog
                  | {antimagic, *Rage Rampage} (severely wounded, very
                  | poisoned)
 35332 | D:13     | Aim: a frost giant, wielding the +8 Wrath of Trog
                  | {antimagic, *Rage Rampage} (severely wounded, very
                  | poisoned)
 35333 | D:13     | Aim: a frost giant, wielding the +8 Wrath of Trog
                  | {antimagic, *Rage Rampage} (severely wounded, fast,
                  | extremely poisoned, chance to affect: 16%)
 35333 | D:13     | Aim: a frost giant, wielding the +8 Wrath of Trog
                  | {antimagic, *Rage Rampage} (severely wounded, fast,
                  | extremely poisoned, chance to affect: 16%)
 35334 | D:13     | Aim: a frost giant, wielding the +8 Wrath of Trog
                  | {antimagic, *Rage Rampage} (severely wounded, fast,
                  | extremely poisoned, 98% to hit)
 35334 | D:13     | Aim: a frost giant, wielding the +8 Wrath of Trog
                  | {antimagic, *Rage Rampage} (severely wounded, fast,
                  | extremely poisoned, 98% to hit)
 35335 | D:13     | Aim: a frost giant, wielding the +8 Wrath of Trog
                  | {antimagic, *Rage Rampage} (severely wounded, fast,
                  | extremely poisoned, covered in acid, 98% to hit)
 35335 | D:13     | Aim: a frost giant, wielding the +8 Wrath of Trog
                  | {antimagic, *Rage Rampage} (severely wounded, fast,
                  | extremely poisoned, covered in acid, 98% to hit)
 35336 | D:13     | Aim: a frost giant, wielding the +8 Wrath of Trog
                  | {antimagic, *Rage Rampage} (almost dead, fast, extremely
                  | poisoned, covered in acid)
 35336 | D:13     | Aim: a frost giant, wielding the +8 Wrath of Trog
                  | {antimagic, *Rage Rampage} (almost dead, fast, extremely
                  | poisoned, covered in acid)
 35336 | D:13     | Killed a frost giant
 35338 | D:13     | Here: a frost giant, wielding the +8 Wrath of Trog
                  | {antimagic, *Rage Rampage} (almost dead, summoned,
                  | wandering, berserk, fast, very poisoned, covered in acid,
                  | lightly drained, friendly)
 35344 | D:13     | Found the +6 arbalest "Damnation" {damnation}
 35351 | D:13     | Identified the +7 hand axe of the Wasteland {antimagic,
                  | +Blink}
 35371 | D:13     | You add the spells Ignite Poison, Mephitic Cloud and
                  | Freezing Cloud to your library.
 35495 | D:13     | Learned a level 3 spell: Mephitic Cloud
 35500 | D:13     | Learned a level 3 spell: Ignite Poison
 35551 | D:14     | Reached skill level 10 in Transmutations
 35636 | D:14     | Found a runed translucent door.
 35636 | D:14     | Noticed a sphinx
 35842 | D:14     | Found Pacvoloset's Magic Scroll Boutique.
 35845 | D:14     | Bought a scroll of acquirement for 572 gold pieces
 35845 | D:14     | Acquired the +2 pair of boots of Vehumet's Approval {rC+
                  | MP+9}
 36199 | D:14     | Noticed Nessos
 36206 | D:14     | Killed Nessos
 36539 | D:14     | Reached XP level 16. HP: 96/96 MP: 31/31
 36814 | D:15     | Entered Level 15 of the Dungeon
 36911 | D:15     | Reached skill level 5 in Shields
 36911 | D:15     | Reached skill level 10 in Hexes
 37224 | D:15     | Found an ornate altar of the Wu Jian Council.
 37486 | D:15     | Found a staircase to the Depths.
 37828 | D:15     | Reached skill level 10 in Spellcasting
 38426 | Orc:2    | Bought 3 potions of curing for 288 gold pieces
 38442 | Orc:2    | Bought a potion of curing for 45 gold pieces
 38442 | Orc:2    | Bought a potion of curing for 45 gold pieces
 38442 | Orc:2    | Bought a potion of curing for 45 gold pieces
 38442 | Orc:2    | Bought a potion of resistance for 150 gold pieces
 38471 | Orc:2    | Reached skill level 6 in Shields
 38618 | Spider:1 | Entered Level 1 of the Spider Nest
 38642 | Spider:1 | Noticed Josephine
 38762 | Spider:1 | Killed Josephine
 38974 | Spider:1 | Noticed Louise
 38982 | Spider:1 | Killed Louise
 39171 | Spider:1 | Reached skill level 11 in Hexes
 39518 | Spider:2 | Reached skill level 7 in Shields
 39531 | Spider:2 | Reached skill level 10 in Fighting
 39603 | Spider:2 | Reached skill level 11 in Spellcasting
 39935 | Spider:2 | You pick up a book of Winter and begin reading...
 39935 | Spider:2 | You add the spells Ozocubu's Armour, Metabolic Englaciation
                  | and Simulacrum to your library.
 39947 | Spider:2 | Reached skill level 18 in Dodging
 40169 | Spider:3 | Reached XP level 17. HP: 69/102 MP: 27/34
 40342 | Spider:3 | Reached skill level 8 in Shields
 40363 | Spider:3 | Reached skill level 12 in Hexes
 40510 | Spider:3 | You pick up a book of Touch and begin reading...
 40510 | Spider:3 | You add the spells Static Discharge and Dispel Undead to
                  | your library.
 40660 | Spider:3 | You add the spells Stone Arrow, Fireball and Conjure Ball
                  | Lightning to your library.
 40660 | Spider:3 | Got Sif Muna's Reference Book on Conjuration
 41094 | Spider:4 | Entered Level 4 of the Spider Nest
 41094 | Spider:4 | Noticed Arachne
 41102 | Spider:4 | Killed Arachne
 41240 | Spider:4 | Reached skill level 12 in Spellcasting
 41581 | Spider:4 | Reached skill level 9 in Shields
 41790 | Spider:4 | Acquired the Tome of the Aerial Arsonist
 41794 | Spider:4 | You add the spells Lightning Bolt, Starburst and Ignition
                  | to your library.
 42233 | Spider:4 | Reached skill level 9 in Fire Magic
 42260 | Spider:4 | Gained mutation: You sometimes lose the ability to read
                  | scrolls when taking damage. [mutagenic glow]
 42261 | Spider:4 | Lost mutation: You sometimes lose the ability to read
                  | scrolls when taking damage. [potion of mutation]
 42261 | Spider:4 | Gained mutation: You expend magic power (3 MP) to
                  | strengthen your wands. [potion of mutation]
 42261 | Spider:4 | Gained mutation: You have a pair of small horns on your
                  | head. [potion of mutation]
 42261 | Spider:4 | Gained mutation: You passively map a small area around you.
                  | [potion of mutation]
 42262 | Spider:4 | Lost mutation: You have a pair of small horns on your head.
                  | [potion of mutation]
 42262 | Spider:4 | Lost mutation: You expend magic power (3 MP) to strengthen
                  | your wands. [potion of mutation]
 42262 | Spider:4 | Gained mutation: Armour fits poorly on your strangely
                  | shaped body. [potion of mutation]
 42262 | Spider:4 | Gained mutation: You are clumsy. (Dex -2) [potion of
                  | mutation]
 42263 | Spider:4 | Lost mutation: Armour fits poorly on your strangely shaped
                  | body. [potion of mutation]
 42263 | Spider:4 | Lost mutation: You passively map a small area around you.
                  | [potion of mutation]
 42263 | Spider:4 | Gained mutation: You have supernaturally acute eyesight.
                  | (SInv) [potion of mutation]
 42558 | Spider:3 | Lost mutation: You are clumsy. (Dex -2) [potion of
                  | mutation]
 42558 | Spider:3 | Gained mutation: Your muscles are strong. (Str +2) [potion
                  | of mutation]
 42558 | Spider:3 | Lost mutation: Your muscles are strong. (Str +2) [potion of
                  | mutation]
 42659 | Spider:4 | Got a gossamer rune of Zot
 42847 | Elf:1    | Entered Level 1 of the Elven Halls
 43059 | Elf:3    | Entered Level 3 of the Elven Halls
 43204 | Elf:2    | Reached skill level 11 in Transmutations
 43207 | Elf:2    | HP: 25/102 [+0 trident of venom (3)]
 43499 | Elf:2    | Reached skill level 10 in Shields
 43684 | Elf:2    | Reached skill level 10 in Fire Magic
 43737 | Elf:2    | Found a runed translucent gate.
 43738 | Elf:2    | Found a runed translucent gate.
 43738 | Elf:2    | Found a runed translucent gate.
 43855 | Elf:2    | Reached skill level 19 in Dodging
 43955 | Elf:2    | Reached XP level 18. HP: 92/107 MP: 36/36
 44478 | Elf:1    | You add the spells Call Imp, Animate Armour and Dragon's
                  | Call to your library.
 44478 | Elf:1    | Got Juph's Compendium of Companions
 44674 | Elf:1    | You fall into a shaft and drop 1 floor!
 44997 | Elf:1    | Reached skill level 12 in Transmutations
 45665 | Elf:3    | Reached skill level 11 in Fire Magic
 46020 | Elf:3    | Reached skill level 11 in Shields
 46220 | Elf:3    | Paralysed by an air elemental for 1 turns
 46470 | Elf:3    | Identified the +5 war axe of the Shoals {vorpal, rC- rN+
                  | Str+9 Dex+3}
 46470 | Elf:3    | a deep elf sorcerer comes into view. It is wielding the +5
                  | war axe of the Shoals {vorpal, rC- rN+ Str+9 Dex+3} and
                  | wearing the ring of the Hare {EV+8}.
 46471 | Elf:3    | Aim: a deep elf sorcerer, wielding the +5 war axe of the
                  | Shoals {vorpal, rC- rN+ Str+9 Dex+3} and wearing the ring
                  | of the Hare {EV+8} (wandering, hasn't noticed you)
 46471 | Elf:3    | Aim: a deep elf sorcerer, wielding the +5 war axe of the
                  | Shoals {vorpal, rC- rN+ Str+9 Dex+3} and wearing the ring
                  | of the Hare {EV+8} (wandering, hasn't noticed you)
 46472 | Elf:3    | Aim: a deep elf sorcerer, wielding the +5 war axe of the
                  | Shoals {vorpal, rC- rN+ Str+9 Dex+3} and wearing the ring
                  | of the Hare {EV+8} (fast, very poisoned)
 46472 | Elf:3    | Aim: a deep elf sorcerer, wielding the +5 war axe of the
                  | Shoals {vorpal, rC- rN+ Str+9 Dex+3} and wearing the ring
                  | of the Hare {EV+8} (fast, very poisoned)
 46866 | Elf:3    | Reached skill level 12 in Fire Magic
 46868 | Elf:3    | Reached skill level 13 in Transmutations
 46875 | Elf:3    | Identified the amulet "Wonwuipn" {Reflect rPois rC+ SH+5}
 46875 | Elf:3    | a deep elf zephyrmancer comes into view. It is wielding a
                  | +3 scimitar of holy wrath, wearing the +5 robe of Night
                  | {Dark Will+ SInv} and wearing the amulet "Wonwuipn"
                  | {Reflect rPois rC+ SH+5}.
 46898 | Elf:3    | Identified the amulet of Jaizybif {RegenMP rN+}
 46903 | Elf:3    | Identified the +6 short sword of Balance {venom, Int+3
                  | Stlth-}
 47086 | Elf:3    | You pick up a book of Necromancy and begin reading...
 47089 | Elf:3    | You pick up a book of the Tundra and begin reading...
 47089 | Elf:3    | You add the spells Hailstorm and Ice Form to your library.
 47101 | Elf:3    | You pick up a book of Alchemy and begin reading...
 47101 | Elf:3    | You add the spells Sublimation of Blood and Petrify to your
                  | library.
 47108 | Elf:3    | Got the Guide on Orientation and Battle Magic
 47119 | Elf:3    | You pick up a book of Flames and begin reading...
 47220 | Elf:3    | You pick up a book of Transfigurations and begin reading...
 47367 | Elf:3    | Identified a +2 crystal plate armour
 47395 | Elf:3    | a +5 lajatang of electrocution; a +2 crystal plate armour
                  | {rare}; a +4 ring of evasion
 47422 | Elf:3    | Here: a deep elf zephyrmancer, wielding a +3 scimitar of
                  | holy wrath, wearing the +5 robe of Night {Dark Will+ SInv}
                  | and wearing the amulet "Wonwuipn" {Reflect rPois rC+ SH+5}
                  | (wandering, hasn't noticed you)
 47422 | Elf:3    | Aim: a deep elf zephyrmancer, wielding a +3 scimitar of
                  | holy wrath, wearing the +5 robe of Night {Dark Will+ SInv}
                  | and wearing the amulet "Wonwuipn" {Reflect rPois rC+ SH+5}
                  | (wandering, hasn't noticed you, chance to affect: 16%)
 47422 | Elf:3    | Aim: a deep elf zephyrmancer, wielding a +3 scimitar of
                  | holy wrath, wearing the +5 robe of Night {Dark Will+ SInv}
                  | and wearing the amulet "Wonwuipn" {Reflect rPois rC+ SH+5}
                  | (wandering, hasn't noticed you, chance to affect: 16%)
 47732 | Shoals:1 | Entered Level 1 of the Shoals
 47892 | Shoals:1 | You pick up a book of Conjurations and begin reading...
 47922 | Shoals:1 | You pick up a book of Vapours and begin reading...
 47978 | Shoals:1 | Learned a level 7 spell: Dragon Form
 48287 | Shoals:1 | You pick up a book of Fire and begin reading...
 48567 | Shoals:1 | Reached XP level 19. HP: 112/112 MP: 33/37
 48859 | Shoals:2 | Found a frozen archway.
 48866 | Shoals:2 | You pick up a book of Rime and begin reading...
 48866 | Shoals:2 | You add the spells Frozen Ramparts and Summon Ice Beast to
                  | your library.
 48876 | Shoals:2 | You pick up a book of Armaments and begin reading...
 48886 | IceCv    | Entered an ice cave
 49241 | IceCv    | Reached skill level 12 in Shields
 49246 | IceCv    | Reached skill level 13 in Fire Magic
 49261 | IceCv    | HP: 32/168 [??? (29)]
 49267 | IceCv    | HP: 29/168 [golden dragon simulacrum (2)]
 49267 | IceCv    | Annihilated by a golden dragon simulacrum

Vanquished Creatures
  Arachne (Spider:4)
  An Ice Fiend (IceCv)
  4 deep elf blademasters (Elf:3)
  A deep elf master archer (Elf:3)
  Kirke (D:11)
  7 deep elf sorcerers
  An orc warlord (Elf:3)
  3 ghost moths (Spider:4)
  4 deep elf elementalists (Elf:3)
  Louise (Spider:1)
  3 emperor scorpions
  The ghost of Gelion the Warrior, a journeyman OgBe of Trog (D:11)
  Nessos (D:14)
  2 deep elf demonologists
  3 entropy weavers
  The ghost of Ucuahorph the Devastator, a journeyman DsCj of Qazlal (Lair:6)
  2 spark wasps
  4 deep elf annihilators
  The ghost of Hypnoxylon the Brawler, a journeyman TrTm of Ashenzari (Orc:2)
  A minotaur (Orc:2)
  The ghost of Kyvig the Grappler, a journeyman VSTm of Qazlal (Lair:5)
  A merfolk javelineer (Shoals:1)
  Josephine (Spider:1)
  4 deep elf death magi (Elf:3)
  An ettin (D:13)
  8 deep elf high priests (Elf:3)
  3 boulder beetles
  An ogre mage (D:13)
  A caustic shrike simulacrum (IceCv)
  An ice dragon (D:13)
  7 hydras
  A catoblepas (D:14)
  An alligator snapping turtle (Shoals:2)
  3 merfolk avatars (Shoals:1)
  5 centaur warriors
  11 two-headed ogres
  16 dancing weapons
  19 death yaks
  Urug (Lair:4)
  Sonja (D:13)
  A soul eater (Gauntlet)
  6 orc high priests
  6 deep elf knights
  2 skeletal warriors (D:15)
  An iron troll (D:13)
  3 sea snakes
  12 deep elf archers
  8 orc knights
  Pikel (D:5)
  An obsidian statue (IceCv)
  23 deep elf zephyrmancers
  A lindwurm (Lair:6)
  An orange crystal statue (IceCv)
  3 harpies (Shoals:1)
  16 deep elf pyromancers
  21 orb spiders
  34 wolf spiders
  5 manticores
  7 orc sorcerers
  A worldbinder (Gauntlet)
  19 cyclopes
  3 fauns (Shoals:1)
  2 moths of wrath
  16 ugly things
  13 elephants
  2 merfolk sirens
  6 black mambas
  A water nymph (Shoals:1)
  3 torpor snails
  15 cane toads
  3 gargoyles
  An unseen horror (shapeshifter) (D:13)
  2 efreet
  A rime drake (shapeshifter) (D:11)
  7 komodo dragons
  An ice devil (IceCv)
  A yaktaur (shapeshifter) (D:15)
  13 demonic crawlers
  4 rime drakes
  7 freezing wraiths
  2 entropy weaver simulacra (IceCv)
  2 anaconda simulacra (IceCv)
  A queen bee (shapeshifter) (D:15)
  32 jumping spiders
  A queen bee (Lair:5)
  7 trolls
  A meliai (Lair:5)
  A hornet (shapeshifter) (D:11)
  3 tyrant leeches (Lair:6)
  3 merfolk
  11 hornets
  3 polar bears
  19 slime creatures
  4 snapping turtles (Shoals:1)
  3 dream sheep (Shoals:2)
  31 blink frogs
  75 redbacks
  4 water elementals
  3 wyverns (Lair:6)
  8 wraiths
  2 air elementals
  36 tarantellas
  4 spriggan simulacra (IceCv)
  52 yaks
  6 fire elementals
  A tarantella (shapeshifter) (D:15)
  2 vampires
  4 hogs
  8 basilisks
  2 steam dragons (shapeshifter)
  Grum (D:8)
  A neqoxec (D:11)
  3 minotaur simulacra (IceCv)
  12 vampire mosquitoes
  6 wargs
  A harpy simulacrum (D:14)
  3 swamp worms (Gauntlet)
  Duvessa (D:6)
  4 acid dragons
  12 water moccasins
  4 black bears
  28 orc warriors
  2 sky beasts
  A necrophage (D:7)
  2 boggarts (Gauntlet)
  4 ogres
  8 wolves
  2 lemures (D:4)
  9 centaurs
  2 phantoms
  5 kobold brigands
  4 deep troll simulacra (IceCv)
  A scorpion (D:7)
  19 bullfrogs
  A wyvern zombie (D:7)
  A gnoll sergeant (D:11)
  2 earth elementals (Elf:1)
  Dowan (D:6)
  A water moccasin skeleton (D:6)
  11 killer bees
  6 electric eels
  4 wights (D:7)
  3 centaur zombies
  5 jellies
  5 howler monkeys
  A bullfrog zombie (D:6)
  2 hounds
  22 orc priests
  3 centaur skeletons
  2 bullfrog skeletons
  3 gnoll shamans
  6 iguanas
  24 orc wizards
  A hound skeleton (D:5)
  A hound zombie (D:5)
  16 gnolls
  An adder (D:2)
  4 shadow imps
  2 ufetubi
  An adder skeleton (D:4)
  A worm (D:4)
  50 orcs
  7 ball pythons
  10 endoplasms
  3 giant cockroaches
  4 goblins
  12 hobgoblins
  2 jackals (D:2)
  3 quokkas
  6 bats
  A frilled lizard (D:2)
  29 kobolds
  6 rats
  7 bushes
  A fulminant prism (Lair:3)
1140 creatures vanquished.

Vanquished Creatures (collateral kills)
  A frost giant (D:13)
  A hydra (Lair:6)
  2 cane toads (Lair:6)
  A demonic crawler (Spider:4)
  A basilisk (Lair:6)
  A yak (Lair:6)
  2 bullfrogs (Lair:6)
9 creatures vanquished.

Vanquished Creatures (others)
  A ghost moth (Spider:4)
  A deep elf knight (Elf:3)
  A faun (Shoals:1)
  An air elemental (Elf:3)
  A human (D:12)
  2 orc wizards (Orc:2)
  156 fulminant prisms
  44 fungi
  130 plants
337 creatures vanquished.

Grand Total: 1486 creatures vanquished

Table legend:
 A = Non-vault XP
 B = Vault XP
 C = Vault XP percentage of total XP
 D = Non-vault monster count
 E = Vault monster count
 F = Vault count percentage of total count
                 A         B        C        D         E       F
            +---------+---------+-------+---------+---------+-------
      Total |  236896 |  153582 |  39.3 |     799 |     352 |  30.6
            +---------+---------+-------+---------+---------+-------
        D:1 |      41 |       0 |   0.0 |      24 |       0 |   0.0
        D:2 |      88 |       0 |   0.0 |      23 |       0 |   0.0
        D:3 |      48 |       0 |   0.0 |       8 |       0 |   0.0
        D:4 |     181 |      47 |  20.6 |      13 |       8 |  38.1
        D:5 |     698 |     651 |  48.3 |      16 |       1 |   5.9
        D:6 |     874 |     230 |  20.8 |      21 |       2 |   8.7
        D:7 |     923 |     473 |  33.9 |      13 |       4 |  23.5
        D:8 |    1147 |     182 |  13.7 |      15 |       1 |   6.2
        D:9 |    3931 |     616 |  13.5 |      35 |      15 |  30.0
       D:10 |    1849 |     270 |  12.7 |      24 |       5 |  17.2
       D:11 |    5821 |    4033 |  40.9 |      22 |       7 |  24.1
       D:12 |    5370 |     602 |  10.1 |      18 |       3 |  14.3
       D:13 |    7576 |   16996 |  69.2 |      18 |      34 |  65.4
       D:14 |    6156 |    3585 |  36.8 |      19 |       5 |  20.8
       D:15 |   16423 |    2025 |  11.0 |      42 |       4 |   8.7
     Lair:1 |    3424 |       0 |   0.0 |      11 |       0 |   0.0
     Lair:2 |    6299 |     947 |  13.1 |      22 |       4 |  15.4
     Lair:3 |   13234 |       0 |   0.0 |      35 |       0 |   0.0
     Lair:4 |    7584 |    1347 |  15.1 |      23 |       4 |  14.8
     Lair:5 |    5991 |    5581 |  48.2 |      16 |      23 |  59.0
     Lair:6 |   17352 |   11641 |  40.2 |      39 |      45 |  53.6
   Shoals:1 |    9399 |    1870 |  16.6 |      18 |       3 |  14.3
   Shoals:2 |    3668 |       0 |   0.0 |       8 |       0 |   0.0
   Spider:1 |   15085 |    3113 |  17.1 |      45 |       7 |  13.5
   Spider:2 |   19310 |       0 |   0.0 |      62 |       0 |   0.0
   Spider:3 |   18207 |    1192 |   6.1 |      50 |       1 |   2.0
   Spider:4 |   11922 |   23872 |  66.7 |      34 |      44 |  56.4
      Orc:1 |    4290 |       0 |   0.0 |      23 |       0 |   0.0
      Orc:2 |    2098 |   11045 |  84.0 |      25 |      29 |  53.7
      Elf:1 |   16619 |    5360 |  24.4 |      26 |       8 |  23.5
      Elf:2 |   17716 |    4973 |  21.9 |      27 |       6 |  18.2
      Elf:3 |   13572 |   40436 |  74.9 |      24 |      52 |  68.4
      IceCv |       0 |    9473 | 100.0 |       0 |      26 | 100.0
   Gauntlet |       0 |    3022 | 100.0 |       0 |      11 | 100.0
            +---------+---------+-------+---------+---------+-------

Illustrated notes

Table legend:
 A = Kills in this place as a percentage of kills in entire the game.
 B = Kills by you in this place as a percentage of kills by you in the entire game.
 C = Kills by friends in this place as a percentage of kills by friends in the entire game.
 D = Other kills in this place as a percentage of other kills in the entire game.
 E = Experience gained in this place as a percentage of experience gained in the entire game.
 F = Experience gained in this place divided by the number of levels of this place that you have seen.
                   A       B       C       D       E      F
               +-------+-------+-------+-------+-------+----------------------
         Total | 100.0 | 100.0 | 100.0 | 100.0 | 100.0 | 10553.5
       Dungeon |  34.8 |  35.1 |  11.1 |  16.7 |  20.7 | 5389.1
          Lair |  19.3 |  18.7 |  77.8 |  33.3 |  18.8 | 12233.3
        Shoals |   2.5 |   2.5 |   0.0 |   8.3 |   3.8 | 7468.5
   Spider Nest |  21.1 |  21.3 |  11.1 |   8.3 |  23.7 | 23175.2
  Orcish Mines |   6.7 |   6.6 |   0.0 |  16.7 |   4.5 | 8716.5
   Elven Halls |  12.4 |  12.6 |   0.0 |   8.3 |  25.3 | 32892.0
      Ice Cave |   2.3 |   2.3 |   0.0 |   0.0 |   2.4 | 9473.0
      Gauntlet |   1.0 |   0.9 |   0.0 |   8.3 |   0.8 | 3022.0
               +-------+-------+-------+-------+-------+----------------------

Table legend: (Time is in decaauts)
 A = Elapsed time spent in this place.
 B = Non-inter-level travel time spent in this place.
 C = Inter-level travel time spent in this place.
 D = Time resting spent in this place.
 E = Time spent auto-exploring this place.
 F = Levels seen in this place.
 G = Mean time per level.
                   A        B        C        D        E       F      G
               +--------+--------+--------+--------+--------+-----+--------+
         Total |  49610 |  45737 |   3873 |   7406 |  28956 |  37 | 1340.8 |
       Dungeon |  24286 |  22034 |   2252 |   3137 |  14863 |  15 | 1619.1 |
          Lair |  10970 |  10096 |    874 |   2292 |   5836 |   6 | 1828.3 |
        Shoals |   1268 |   1252 |     16 |      0 |    985 |   2 |  634.0 |
   Spider Nest |   3955 |   3835 |    120 |    801 |   1998 |   4 |  988.8 |
  Orcish Mines |   3232 |   2924 |    308 |    138 |   2133 |   2 | 1616.0 |
   Elven Halls |   4736 |   4436 |    300 |    569 |   2843 |   3 | 1578.7 |
         Abyss |    106 |    106 |      0 |      0 |     23 |   3 |   35.3 |
      Ice Cave |    380 |    380 |      0 |    191 |    103 |   1 |  380.0 |
      Gauntlet |    673 |    673 |      0 |    278 |    171 |   1 |  673.0 |
               +--------+--------+--------+--------+--------+-----+--------+

Top non-repeatable levels by time:
  Lair:5: 2697 daAuts
    D:13: 2675 daAuts
    D:11: 2634 daAuts
   Orc:2: 2500 daAuts
     D:9: 2182 daAuts
   Elf:3: 2167 daAuts
  Lair:2: 2013 daAuts
     D:5: 1950 daAuts
     D:6: 1893 daAuts
  Lair:3: 1738 daAuts
     D:1: 1734 daAuts
  Lair:4: 1710 daAuts
  Lair:6: 1503 daAuts
Spider:3: 1486 daAuts
     D:8: 1471 daAuts
